 Dungeon Sprint DCSS version 0.27-a0-1188-g73eefd5def (webtiles) character file.

Game seed: 4988628601293060696

38509 mhtbhm the Archmage (level 13, -14/68 HPs)
             Began as a Deep Elf Earth Elementalist on May 21, 2021.
             Was the Champion of Vehumet.
             Demolished by a deep elf blademaster
             ... wielding a +0 rapier
              (17 damage)
             ... in the Dungeon (Sprint VII: "The Pits").
             The game lasted 00:11:40 (3883 turns).

mhtbhm the Archmage (Deep Elf Earth Elementalist)   Turns: 3883, Time: 00:11:41

Health: -14/68     AC:  8    Str:  8    XL:     13   Next: 64%
Magic:  31/46      EV: 19    Int: 34    God:    Vehumet [******]
Gold:   61         SH:  0    Dex: 15    Spells: 20/66 levels left

rFire    . . .     SeeInvis .   l - +1 broad axe of Ositoapa {vorpal, +Rage Will+ Int+2}
rCold    . . .     Faith    .   (no shield)
rNeg     + . .     Spirit   .   c - +2 robe {rN+}
rPois    .         Reflect  .   (no helmet)
rElec    .         Harm     .   n - +1 cloak
rCorr    .         Rampage  .   q - +0 pair of gloves
Will     ++...     NoTele   +   r - +0 pair of boots
Stlth    +++.......             (no amulet)
HPRegen  0.21/turn              m - +3 ring of evasion
MPRegen  0.30/turn              y - ring "Jiphah" {Str+3 Int+6}

@: studying Earth Magic
A: no striking features
a: Renounce Religion, Evoke Berserk Rage


You were in the Dungeon.
You worshipped Vehumet.
Vehumet was exalted by your worship.
You visited 1 branch You collected 61 gold pieces.

Inventory:

Hand Weapons
 l - the +1 broad axe of Ositoapa (weapon) {vorpal, +Rage Will+ Int+2}
   (You found it in the Dungeon)

   It inflicts extra damage upon your enemies.
   It affects your intelligence (+2).
   It lets you go berserk.
   It increases your willpower.
Missiles
 b - 72 stones
 s - 2 throwing nets
 D - 32 silver javelins
Armour
 c - a +2 robe of positive energy (worn)
 n - a +1 cloak (worn)
 q - a +0 pair of gloves (worn)
 r - a +0 pair of boots (worn)
Jewellery
 m - a +3 ring of evasion (left hand)
 x - a ring of positive energy
 y - the ring "Jiphah" (right hand) {Str+3 Int+6}
   (You took it off a yaktaur in the Dungeon)

   [ring of intelligence]

   It affects your strength (+3).
   It affects your intelligence (+6).
 A - the ring "Ycattacs" {Fly rC++}
   (You found it in the Dungeon)

   [ring of flight]

   It greatly protects you from cold.
   It grants you flight.
 B - a ring of protection from fire
Scrolls
 i - 7 scrolls of blinking
 j - 5 scrolls of amnesia
 k - a scroll of summoning
 t - 3 scrolls of fear
 u - 4 scrolls of identify
Potions
 a - 2 potions of invisibility
 d - 7 potions of curing
 e - 9 potions of heal wounds
 f - a potion of haste
 g - 2 potions of magic
 h - 3 potions of berserk rage
 o - 4 potions of might
 p - a potion of resistance
 v - a potion of brilliance
 w - 2 potions of mutation
 z - a potion of lignification
Miscellaneous
 C - a piece from Xom's chessboard (15/15)


   Skills:
 - Level 3.0 Fighting
 + Level 3.5 Staves
 + Level 8.6 Dodging
 + Level 6.0 Stealth
 O Level 27 Spellcasting
 + Level 2.8 Conjurations
 + Level 2.1 Transmutations
 * Level 4.7 Fire Magic
 + Level 26.7 Earth Magic


You had 20 spell levels left.
You knew the following spells:

 Your Spells              Type           Power      Damage    Failure   Level
a - Sandblast             Erth           100%       2d20      0%          1
b - Passwall              Tmut/Erth      80%        N/A       0%          2
c - Stone Arrow           Conj/Erth      100%       3d13      0%          3
d - Lee's Rapid Deconstr  Erth           61%        3d29*     0%          5
e - Petrify               Tmut/Erth      97%        N/A       0%          4
f - Iron Shot             Conj/Erth      49%        9d9       1%          6
g - Lehudib's Crystal Sp  Conj/Erth      49%        10d12     1%          8
h - Shatter               Erth           61%        3d46*     1%          9
i - Ignition              Fire           33%        3d10      71%         8

Your spell library contained the following spells:

 Spells                   Type           Power      Damage    Failure   Level
 Tornado                  Air            22%        N/A       100%        9


Dungeon Overview and Level Annotations

Branches:
Dungeon (1/1)

Altars:
Ashenzari
Cheibriados
Dithmenos
Elyvilon
Fedhas
Gozag
Hepliaklqana
Kikubaaqudgha
Makhleb
Nemelex Xobeh
Okawaru
Qazlal
Ru
Sif Muna
Trog
Uskayaw
Vehumet
Wu Jian
Xom
Yredelemnul
Zin
The Shining One
Beogh
Jiyva
Lugonu

Annotations:
D Ignacio


Message History

The deep elf blademaster misses you.
The deep elf blademaster hits you with a +0 rapier!
Found a runed scythe.
Casting: Shatter (dangerous; 1% risk of failure)
Confirm with . or Enter, or press ? or * to list all spells.
The spell is quite dangerous to cast (1% risk of failure)!
Continue anyway?
Okay, then.
Unknown command.
Casting: Lehudib's Crystal Spear (quite dangerous; 1% risk of failure)
Confirm with . or Enter, or press ? or * to list all spells.
Okay, then.
Casting: Lehudib's Crystal Spear (quite dangerous; 1% risk of failure)
Confirm with . or Enter, or press ? or * to list all spells.
Okay, then.
Unknown command.
Casting: Lehudib's Crystal Spear (quite dangerous; 1% risk of failure)
Confirm with . or Enter, or press ? or * to list all spells.
Aiming: Iron Shot (safe; 1% risk of failure)
Press: ? - help, Shift-Dir - straight line, f - deep elf blademaster
Aim: a deep elf blademaster, wielding two +0 rapiers and wearing a +0 leather armour (heavily wounded, 38% to hit)
The hell knight shouts!
You hear a shout!
The deep elf blademaster hits you with a +0 rapier!!
* * * LOW HITPOINT WARNING * * *
The deep elf blademaster hits you with a +0 rapier!
* * * LOW HITPOINT WARNING * * *
Unknown command.
Unknown command.
Casting: Iron Shot (safe; 1% risk of failure)
Confirm with . or Enter, or press ? or * to list all spells.
Aiming: Iron Shot (safe; 1% risk of failure)
Press: ? - help, Shift-Dir - straight line, f - deep elf blademaster
Aim: a deep elf blademaster, wielding two +0 rapiers and wearing a +0 leather armour (heavily wounded, 38% to hit)
The iron shot hits the deep elf blademaster!!!
The deep elf blademaster is almost dead.
The deep elf blademaster misses you. x2
The hell knight mumbles some strange words.
The hell knight seems to speed up.
Ignacio, Master of Excruciating Pain comes into view.
He is wielding a +7 executioner's axe of pain.
The deep elf blademaster hits you with a +0 rapier!
You die...

#1. #p# #.# #)#
#X# #.# #e# #@#
#.# #.# #)# #.#
#.#
###############..#
.................#
........).....(..#


You could see Ignacio, a tentacled monstrosity, a deep elf blademaster and a
hell knight (fast).

Vanquished Creatures
  A Tzitzimitl (D)
  A deep elf master archer (D)
  Polyphemus (D)
  A storm dragon (D)
  A nagaraja (D)
  A draconian scorcher (D)
  A ghost moth (D)
  A reaper (D)
  An ophan (D)
  A dire elephant (D)
  3 minotaurs (D)
  Harold (D)
  An anaconda (D)
  Erica (D)
  A death yak (D)
  An orc high priest (D)
  A shadow wraith (D)
  3 skeletal warriors (D)
  A sixfirhy (D)
  2 sea snakes (D)
  A fire crab (D)
  A swamp dragon (D)
  A phantasmal warrior (D)
  A lindwurm (D)
  A wizard (D)
  A necromancer (D)
  2 deep elf zephyrmancers (D)
  2 orc sorcerers (D)
  A wolf spider (D)
  An ugly thing (D)
  A cyclops (D)
  An eye of devastation (D)
  A black mamba (D)
  An elephant (D)
  A guardian serpent (D)
  An unseen horror (D)
  A cane toad (D)
  A kobold demonologist (D)
  An orange demon (D)
  A demonic crawler (D)
  3 yaktaurs (D)
  3 hellwings (D)
  A jumping spider (D)
  A polar bear (D)
  A hornet (D)
  A wind drake (D)
  3 blink frogs (D)
  4 dream sheep (D)
  3 tarantellas (D)
  4 yaks (D)
  2 water elementals (D)
  A redback (D)
  A spriggan (D)
  A wyvern (D)
  A fire bat (D)
  A golden eye (shapeshifter) (D)
  A warg (D)
  An acid dragon (D)
  2 floating eyes (D)
  2 swamp drakes (D)
  An orc warrior (D)
  An ice beast (D)
  2 wolves (D)
  A necrophage (D)
  2 centaurs (D)
  A kobold brigand (D)
  A scorpion (D)
  A gnoll sergeant (D)
  A crimson imp (D)
  A hound (D)
  An orc priest (D)
  Ijyb (D)
  A mummy (D)
  3 adders (D)
  5 gnolls (D)
  A white imp (D)
  An adder zombie (D)
  A worm (D)
  6 orcs (D)
  A ball python (D)
  A bat (D)
  A bat skeleton (D)
  A bat zombie (D)
  2 giant cockroaches (D)
  2 hobgoblins (D)
  2 jackals (D)
  A quokka (D)
  A ball python zombie (D)
  A quokka simulacrum (D)
  A rat (D)
130 creatures vanquished.

Notes
Turn   | Place    | Note
-------+----------+-------------------------------------------
     0 | D        | mhtbhm the Deep Elf Earth Elementalist began the quest for
                  | the Orb.
     0 | D        | Reached XP level 1. HP: 10/10 MP: 6/6
    36 | D        | Found a bloodstained altar of Trog.
    36 | D        | Found a shimmering blue altar of Sif Muna.
    36 | D        | Found a viscous altar of Jiyva.
    36 | D        | Found a hazy altar of Hepliaklqana.
    36 | D        | Found an opulent altar of Gozag.
    37 | D        | Found a glowing golden altar of the Shining One.
    37 | D        | Found a glowing silver altar of Zin.
    37 | D        | Found a basalt altar of Yredelemnul.
    37 | D        | Found a shimmering altar of Xom.
    37 | D        | Found an ornate altar of the Wu Jian Council.
    37 | D        | Found a sacrificial altar of Ru.
    37 | D        | Found a stormy altar of Qazlal.
    37 | D        | Found an iron altar of Okawaru.
    37 | D        | Found a sparkling altar of Nemelex Xobeh.
    37 | D        | Found a burning altar of Makhleb.
    37 | D        | Found a blossoming altar of Fedhas.
    37 | D        | Found a white marble altar of Elyvilon.
    37 | D        | Found a shadowy altar of Dithmenos.
    37 | D        | Found a snail-covered altar of Cheibriados.
    39 | D        | Found a radiant altar of Vehumet.
    39 | D        | Found a corrupted altar of Lugonu.
    40 | D        | Found a hide-covered altar of Uskayaw.
    40 | D        | Found an ancient bone altar of Kikubaaqudgha.
    40 | D        | Found a broken altar of Ashenzari.
    47 | D        | Became a worshipper of Vehumet
    87 | D        | Noticed a floating eye
    92 | D        | Killed a floating eye
    93 | D        | Reached skill level 1 in Staves
    93 | D        | Reached skill level 6 in Spellcasting
    93 | D        | Reached XP level 2. HP: 15/15 MP: 4/11
    93 | D        | Reached XP level 3. HP: 19/19 MP: 4/12
    93 | D        | Reached XP level 4. HP: 24/24 MP: 4/14
    96 | D        | Learned a level 2 spell: Passwall
   100 | D        | Learned a level 3 spell: Stone Arrow
   165 | D        | Noticed a scorpion
   167 | D        | Reached * piety under Vehumet
   167 | D        | Offered knowledge of Foxfire by Vehumet.
   168 | D        | Killed a scorpion
   169 | D        | Reached skill level 5 in Dodging
   169 | D        | Reached skill level 7 in Spellcasting
   169 | D        | Reached XP level 5. HP: 22/28 MP: 9/16
   175 | D        | Learned a level 5 spell: Lee's Rapid Deconstruction
   180 | D        | Learned a level 4 spell: Petrify
   259 | D        | Reached ** piety under Vehumet
   358 | D        | Noticed a necrophage
   364 | D        | Killed a necrophage
   364 | D        | Offered knowledge of Freeze by Vehumet.
   365 | D        | Reached skill level 8 in Spellcasting
   365 | D        | Reached skill level 10 in Earth Magic
   365 | D        | Reached XP level 6. HP: 32/32 MP: 13/19
   462 | D        | Noticed a fire bat
   463 | D        | Reached *** piety under Vehumet
   464 | D        | Reached skill level 5 in Stealth
   485 | D        | Noticed Ijyb
   487 | D        | Killed Ijyb
   488 | D        | Reached skill level 9 in Spellcasting
   498 | D        | Killed a fire bat
   499 | D        | Reached XP level 7. HP: 36/36 MP: 4/22
   505 | D        | Reached **** piety under Vehumet
   506 | D        | Reached skill level 10 in Spellcasting
   725 | D        | Offered knowledge of Static Discharge by Vehumet.
   781 | D        | Reached ***** piety under Vehumet
   825 | D        | Noticed a death yak
   829 | D        | Killed a tarantella
   830 | D        | Reached skill level 11 in Spellcasting
   878 | D        | Killed a death yak
   878 | D        | Offered knowledge of Hailstorm by Vehumet.
   879 | D        | Reached skill level 14 in Spellcasting
   879 | D        | Reached XP level 8. HP: 23/42 MP: 15/28
  1215 | D        | Got the +1 broad axe of Ositoapa {vorpal, +Rage Will+
                  | Int+2}
  1277 | D        | Offered knowledge of Conjure Flame by Vehumet.
  1304 | D        | Noticed an orc sorcerer
  1307 | D        | Killed an orc sorcerer
  1308 | D        | Reached skill level 15 in Spellcasting
  1308 | D        | Reached XP level 9. HP: 46/46 MP: 27/30
  1309 | D        | Reached skill level 15 in Earth Magic
  1413 | D        | Noticed a deep elf zephyrmancer
  1414 | D        | Killed a deep elf zephyrmancer
  1415 | D        | Reached skill level 16 in Spellcasting
  1416 | D        | Reached ****** piety under Vehumet
  1417 | D        | Reached skill level 17 in Spellcasting
  1494 | D        | Offered knowledge of Irradiate by Vehumet.
  1511 | D        | Noticed a polar bear
  1515 | D        | Killed a polar bear
  1516 | D        | Reached skill level 18 in Spellcasting
  1519 | D        | Killed a shadow wraith
  1520 | D        | Reached XP level 10. HP: 51/51 MP: 15/34
  1617 | D        | Noticed Erica
  1621 | D        | Killed Erica
  1622 | D        | Reached skill level 19 in Spellcasting
  1871 | D        | Noticed a wizard
  1872 | D        | Killed a wizard
  1874 | D        | Noticed a guardian serpent
  1875 | D        | Offered knowledge of Fulminant Prism by Vehumet.
  1879 | D        | Reached skill level 1 in Fighting
  1884 | D        | Reached skill level 20 in Spellcasting
  1885 | D        | Killed a guardian serpent
  2169 | D        | Noticed a black mamba
  2170 | D        | Noticed a wolf spider
  2203 | D        | Offered knowledge of Yara's Violent Unravelling by Vehumet.
  2204 | D        | Noticed a phantasmal warrior
  2205 | D        | Killed a black mamba
  2208 | D        | Killed a phantasmal warrior
  2209 | D        | Reached skill level 21 in Spellcasting
  2210 | D        | Noticed an orange demon
  2210 | D        | Noticed Harold
  2213 | D        | Reached XP level 11. HP: 51/56 MP: 24/38
  2216 | D        | Killed a wolf spider
  2216 | D        | Killed Harold
  2217 | D        | Reached skill level 1 in Conjurations
  2253 | D        | Noticed a nagaraja
  2256 | D        | Killed a nagaraja
  2257 | D        | Reached skill level 22 in Spellcasting
  2512 | D        | Noticed an orc high priest
  2515 | D        | Offered knowledge of Bolt of Magma by Vehumet.
  2518 | D        | Noticed an orc sorcerer
  2520 | D        | Killed an orc sorcerer
  2527 | D        | Killed an orc high priest
  2688 | D        | Noticed a sea snake
  2695 | D        | Killed a sea snake
  2696 | D        | Reached skill level 23 in Spellcasting
  2696 | D        | Offered knowledge of Eringya's Noxious Bog by Vehumet.
  2858 | D        | Noticed a sea snake
  2861 | D        | Killed a sea snake
  2962 | D        | Noticed a deep elf zephyrmancer
  2963 | D        | Killed a deep elf zephyrmancer
  2997 | D        | Offered knowledge of Iron Shot by Vehumet.
  2997 | D        | Noticed Polyphemus
  3003 | D        | Killed Polyphemus
  3004 | D        | Reached skill level 24 in Spellcasting
  3004 | D        | Reached XP level 12. HP: 57/61 MP: 17/42
  3101 | D        | Learned a level 6 spell: Iron Shot
  3160 | D        | Noticed an ophan
  3160 | D        | Noticed a storm dragon
  3160 | D        | Noticed a deep elf master archer
  3160 | D        | Noticed a minotaur
  3162 | D        | Killed a deep elf master archer
  3162 | D        | Noticed a ghost moth
  3163 | D        | Noticed a minotaur
  3168 | D        | Killed a minotaur
  3169 | D        | Reached skill level 25 in Spellcasting
  3169 | D        | Killed a minotaur
  3170 | D        | Killed an ophan
  3175 | D        | Killed a storm dragon
  3175 | D        | Offered knowledge of Lehudib's Crystal Spear by Vehumet.
  3176 | D        | Reached skill level 26 in Spellcasting
  3176 | D        | Killed a ghost moth
  3332 | D        | Got the ring "Ycattacs" {Fly rC++}
  3431 | D        | Learned a level 8 spell: Lehudib's Crystal Spear
  3469 | D        | Reached skill level 27 in Spellcasting
  3470 | D        | Reached XP level 13. HP: 51/66 MP: 35/46
  3470 | D        | Killed a minotaur
  3470 | D        | Offered knowledge of Shatter by Vehumet.
  3470 | D        | Offered knowledge of Tornado by Vehumet.
  3470 | D        | Offered knowledge of Ignition by Vehumet.
  3475 | D        | Killed a dire elephant
  3490 | D        | Identified the +4 scale mail "Evuaceec" {Harm Fly Str-4
                  | Stlth+} (You took it off a minotaur in the Dungeon)
  3651 | D        | Got the ring "Jiphah" {Str+3 Int+6}
  3690 | D        | Learned a level 9 spell: Shatter
  3699 | D        | Learned a level 8 spell: Ignition
  3782 | D        | Noticed a green draconian scorcher
  3784 | D        | Killed a green draconian scorcher
  3841 | D        | Noticed a Tzitzimitl
  3843 | D        | Killed a Tzitzimitl
  3880 | D        | Noticed a deep elf blademaster
  3881 | D        | Killed a reaper
  3881 | D        | Noticed a tentacled monstrosity
  3882 | D        | HP: 2/68 [deep elf blademaster/+0 rapier (16)]
  3883 | D        | Noticed Ignacio
  3883 | D        | Demolished by a deep elf blademaster

Illustrated notes

Levels and vault maps discovered:
D:        pitsprint [storerooms_1, entrance_room_1, metal_vault_6, armoury_3,
          mini_pit_1, grid_room_1, main_hall_1, silver_pit, the_coven_3,
          the_vestibule_1, steel_vault_4, golden_pit, hallway_of_sentries,
          crystal_vault_2, iron_vault_4, final_vault]

Skill      XL: |  1  2  3  4  5  6  7  8  9 10 11 12 13 |
---------------+----------------------------------------+-----
Earth Magic    | 7 9 10 11 14 16 18 21 22 26 | 26.7
Staves         | 1 2 3 |  3.5
Dodging        | 4 5 6 7 8 |  8.6
Stealth        | 3 4 5 6 |  6.0
Spellcasting   | 6 7 8 9 14 15 18 21 24 27 | 27.0
Transmutations | 2 |  2.1
Fighting       | 1 2 3 |  3.0
Conjurations   | 2 |  2.8
Fire Magic     | 4 |  4.7

Action                   |  1- 3 |  4- 6 |  7- 9 | 10-12 | 13-15 || total
-------------------------+-------+-------+-------+-------+-------++-------
Melee: Quarterstaff      |     3 |     1 |       |       |       ||     4
       Unarmed           |     1 |       |       |       |       ||     1
 Cast: Sandblast         |     4 |     5 |     2 |       |       ||    11
       Stone Arrow       |       |     6 |       |     3 |       ||     9
       Lee's Rapid Decon |       |     4 |    26 |    69 |    19 ||   118
       Lehudib's Crystal |       |       |       |       |     4 ||     4
       Iron Shot         |       |       |       |       |     2 ||     2
       Shatter           |       |       |       |       |     1 ||     1
  Use: Potion            |       |       |     2 |     9 |     1 ||    12
       Scroll            |       |       |       |     1 |       ||     1
Armor: Robe              |     1 |       |     1 |     9 |     1 ||    12
Dodge: Dodged            |     1 |     4 |     7 |    43 |    10 ||    65

Table legend: (Time is in decaauts)
 A = Elapsed time spent in this place.
 B = Non-inter-level travel time spent in this place.
 C = Inter-level travel time spent in this place.
 D = Time resting spent in this place.
 E = Time spent auto-exploring this place.
 F = Levels seen in this place.
 G = Mean time per level.
                   A        B        C        D        E       F      G
               +--------+--------+--------+--------+--------+-----+--------+
         Total |   3885 |   3885 |      0 |   2627 |     99 |   1 | 3885.0 |
       Dungeon |   3885 |   3885 |      0 |   2627 |     99 |   1 | 3885.0 |
               +--------+--------+--------+--------+--------+-----+--------+

Top non-repeatable levels by time:
       D: 3885 daAuts
